 Dungeon Crawl Stone Soup version 0.25-b1-46-gb8a1ec05df (webtiles) character file.

Game seed: 17148832985033816793

77926 nikku the Warrior (level 15, -2/136 HPs)
             Began as a Demonspawn Berserker on June 10, 2020.
             Was an Elder of Trog.
             Slain by a two-headed ogre
             ... wielding a cursed +0 giant club
             ... summoned by a boggart
              (18 damage)
             ... on level 15 of the Dungeon.
             The game lasted 01:25:43 (23287 turns).

nikku the Warrior (Demonspawn Berserker)           Turns: 23287, Time: 01:25:43

Health: -2/136     AC: 19    Str: 23    XL:     15   Next: 16%
Magic:  15/15      EV: 19    Int:  9    God:    Trog [****..]
Gold:   4586       SH:  0    Dex: 13    Spells: 14/14 levels left

rFire    + + +     SeeInvis .   v - +11 mace "Widowermaker" {freeze, rPois Stlth+}
rCold    + . .     Gourm    .   (no shield)
rNeg     . . .     Faith    .   b - +4 ring mail "Doerryw" {-Cast rPois rF+++ rCorr}
rPois    +         Spirit   .   p - +1 helmet
rElec    .         Reflect  .   u - +2 cloak {rPois}
rCorr    +         Harm     .   (no gloves)
MR       ++...     NoCast   +   y - +1 pair of boots
Stlth    ++........             x - amulet of regeneration
HPRegen  0.72/turn              N - ring of protection from cold
MPRegen  0.14/turn              i - ring of protection from magic

@: berserk cooldown, hasted and slowed, repel missiles
A: hooves 2, repulsion field 3, demonic guardian 2, powered by death 1
a: Berserk, Trog's Hand, Brothers in Arms, Renounce Religion


You were on level 15 of the Dungeon.
You worshipped Trog.
Trog was greatly pleased with you.
You were not hungry.

You visited 2 branches of the dungeon, and saw 21 of its levels.

You collected 4586 gold pieces.

Inventory:

Hand Weapons
 v - the +11 mace "Widowermaker" (weapon) {freeze, rPois Stlth+}
   (You found it on level 4 of the Dungeon)

   It has been specially enchanted to freeze those struck by it, causing extra
   injury to most foes and up to half again as much damage against particularly
   susceptible opponents.
   It can also slow down cold-blooded creatures.
   It protects you from poison.
   It makes you more stealthy.
 w - the +7 mace "Ciuzil" {antimagic, rC+}
   (You found it on level 4 of the Dungeon)

   It reduces the magical energy of the wielder, and disrupts the spells and
   magical abilities of those hit.
   Natural abilities and divine invocations are not affected.
   It protects you from cold.
Missiles
 o - 26 poisoned darts (quivered)
 I - 2 javelins
 K - 4 curare-tipped darts
Armour
 b - the +4 ring mail "Doerryw" (worn) {-Cast rPois rF+++ rCorr}
   (You found it on level 8 of the Dungeon)

   It renders you almost immune to fire.
   It protects you from poison.
   It prevents spellcasting.
   It provides partial protection from all sources of acid and corrosion.
 p - a +1 helmet (worn)
 u - a +2 cloak of poison resistance (worn)
 y - a +1 pair of boots (worn)
Jewellery
 a - an uncursed amulet of reflection
 i - a ring of protection from magic (right hand)
 j - a +4 ring of protection
 t - a +4 ring of evasion
 x - an amulet of regeneration (around neck)
 N - a ring of protection from cold (left hand)
 O - the amulet "Mify" {Spirit *Corrode Dex+4}
   (You took it off a deep elf archer on level 14 of the Dungeon)

   [amulet of guardian spirit]

   It causes incoming damage to be split between your health and magic.
   It affects your dexterity (+4).
   It may corrode you when you take damage.
 Q - the ring of Ollynom {rElec rPois MP+9 Str-5 Stlth+}
   (You took it off a kobold on level 14 of the Dungeon)

   [ring of magical power]

   It affects your strength (-5).
   It insulates you from electricity.
   It protects you from poison.
   It affects your magic capacity (+9).
   It makes you more stealthy.
Wands
 d - a wand of acid (18)
 m - a wand of paralysis (20)
 r - a wand of digging (5)
 s - a wand of polymorph (16)
 A - a wand of flame (24)
 D - a wand of disintegration (7)
 E - a wand of iceblast (10)
 J - a wand of enslavement (16)
Scrolls
 e - 9 scrolls of teleportation
 z - a scroll of magic mapping
 B - 6 scrolls of remove curse
Potions
 g - 5 potions of might
 h - 5 potions of lignification
 k - 3 potions of haste
 l - a potion of mutation
 n - 5 potions of cancellation
 q - 10 potions of curing
 H - a potion of invisibility
 L - 2 potions of heal wounds
Miscellaneous
 C - a lightning rod (4/4)
 P - a tin of tremorstones (3/3)
Comestibles
 c - 37 rations
 f - 4 chunks of flesh


   Skills:
 * Level 18.1 Fighting
   Level 6.8(10.1) Axes
 + Level 11.5(12.2) Maces & Flails
 - Level 10.0 Armour
 + Level 8.1 Dodging


You had 14 spell levels left.
You didn't know any spells.
Your spell library was empty.

Dungeon Overview and Level Annotations

Branches:
Dungeon (15/15)            Temple (0/1) D:7            Lair (6/6) D:8
 Shoals (0/4) Lair:4        Snake (0/4) Lair:2        Slime (0/5) Lair:5
    Orc (0/2) D:11         Vaults (0/5) D:13         Depths (0/5) D:15

Altars:
Elyvilon
Ru
Trog
Zin

Shops:
D:4 (   D:6 *

Annotations:
D:11 4 exclusions
D:14 3 runed translucent doors, p0werm0de's ghost, journeyman DDFi
Lair:3 exclusion: 2 oklob plants
Lair:6 exclusion: 4 oklob plants


Innate Abilities, Weirdness & Mutations

You have hoof-like feet.
You are surrounded by a strong repulsion field. (EV +4, RMsl)
A demonic guardian rushes to your aid.
You regenerate a little health from kills.


Message History

You feel less resistant to hostile enchantments.
Your sixfirhy hits the tengu warrior but does no damage.
Your sixfirhy barely misses the tengu warrior. x2
The bullfrog completely misses you. The green ugly thing tail-slaps you!
* * * LOW HITPOINT WARNING * * *
The troll barely misses you. The troll misses you.
The troll closely misses you.
The orc priest miscasts a cantrip.
The centaur warrior skeleton completely misses your sixfirhy.
The red ugly thing misses you.
The green ugly thing basks in the mutagenic energy from its kin and changes!
The cyclops barely misses your sixfirhy.
You hear some strange, mumbled words.
Your sixfirhy barely misses the tengu warrior.
The green ugly thing misses you. The bullfrog closely misses you.
The tengu warrior misses you.
The two-headed ogre hits you with a cursed +0 giant club.
* * * LOW HITPOINT WARNING * * *
The two-headed ogre hits you with a +0 giant spiked club!!
You die...

#.u# #...............
######..# #......)....####
........# #.....))....#
........# #.....[)....#
........# #.....))....####
........####.........[.....
.......H{u##.D.............
.....u.F#u##Ho..........###
....u8uouu@O{o..........#
.......uuTFuC...........#
....8.....o3Q...........#
.........P.Z............#
.........o88............#
......P..8goZ..........#
...8...>..............#
#.P.P..8..o...........#
...................#


You could see 10 ugly things, a tengu warrior (summoned), a two-headed ogre
(summoned), 2 manticores, a cyclops (summoned), a troll (summoned), 2 orc
warriors, an acid dragon (summoned), 2 bullfrogs, a boggart, an orc priest
(summoned), 4 orcs, 2 centaur warrior skeletons and a friendly sixfirhy
(summoned).

Vanquished Creatures
  The ghost of grindst0ne the Epochal, a journeyman NaGl of Cheibriados (Lair:6)
  A juggernaut zombie (D:15)
  Snorg (Lair:4)
  A fire dragon (D:15)
  Josephine (D:11)
  A vault guard (D:13)
  An ice dragon (D:14)
  Erolcha (D:13)
  5 hydras
  2 two-headed ogres
  4 centaur warriors
  An ogre mage (D:15)
  4 death yaks (Lair:6)
  A vampire mage (D:15)
  2 skeletal warriors (D:15)
  3 unseen horrors (D:14)
  A deep elf archer (D:14)
  3 wizards
  A lindwurm (D:11)
  A shadow dragon zombie (D:15)
  A deep elf mage (D:14)
  A necromancer (D:15)
  8 ugly things
  6 cyclopes
  A manticore (D:14)
  8 elephants (Lair:6)
  2 black mambas
  8 spiny frogs
  2 gargoyles
  10 komodo dragons
  3 yaktaurs (D:15)
  5 trolls
  3 meliai (D:14)
  A troll (shapeshifter) (D:14)
  2 hornets
  3 polar bears (Lair:6)
  A blink frog (shapeshifter) (D:14)
  5 slime creatures
  7 hippogriffs
  A fire dragon zombie (D:15)
  5 large abominations (D:10)
  A deep troll zombie (D:15)
  13 blink frogs
  7 small abominations (D:10)
  7 dream sheep (Lair:6)
  2 shadows
  2 vampires
  6 wraiths
  A basilisk (D:13)
  4 hogs (D:7)
  A wyvern (D:9)
  29 yaks
  2 humans
  3 vampire mosquitoes (D:13)
  3 hungry ghosts
  Edmund (D:4)
  A redback simulacrum (D:14)
  A soldier ant (D:12)
  15 water moccasins
  10 porcupines
  3 ice beasts
  2 sky beasts
  3 phantoms
  8 orc warriors
  10 ogres
  A black bear (D:7)
  A necrophage (D:7)
  A boggart (D:15)
  24 wolves
  2 eyes of draining
  7 centaurs
  2 big kobolds
  9 crocodiles
  10 bullfrogs
  9 scorpions
  18 killer bees
  6 howler monkeys
  11 wights
  2 electric eels
  5 crimson imps
  3 centaur zombies
  5 hounds
  Crazy Yiuf (D:4)
  6 jellies
  8 orc priests
  2 bullfrog skeletons
  12 orc wizards
  Terence (D:3)
  4 centaur skeletons
  9 iguanas
  14 worker ants
  A hound zombie (D:8)
  16 adders
  3 shadow imps
  An ooze (D:3)
  2 adder zombies (D:5)
  An adder skeleton (D:8)
  2 worms (D:3)
  A dart slug (D:2)
  3 leopard geckos
  45 orcs
  A ball python (D:5)
  2 giant cockroaches
  7 goblins
  4 hobgoblins
  13 jackals
  5 quokkas
  9 bats
  2 frilled lizards
  A jackal zombie (D:5)
  24 kobolds
  2 leopard gecko skeletons
  4 rats
576 creatures vanquished.

Vanquished Creatures (collateral kills)
  Harold (D:8)
  4 hydras
  3 two-headed ogres (D:15)
  A catoblepas (Lair:6)
  A deep troll shaman (Lair:6)
  2 death yaks (Lair:6)
  An ugly thing (D:14)
  A black mamba (Lair:6)
  An elephant (Lair:6)
  A troll (D:10)
  A blink frog (Lair:6)
  2 slime creatures (D:13)
  9 yaks
  A vampire mosquito (D:14)
  An ice beast (D:6)
  3 wolves
  An eye of draining (D:12)
  A big kobold (D:14)
  3 bullfrogs
  A killer bee (D:6)
  2 crimson imps
  A hound (D:12)
  An orc priest (D:11)
  2 orc wizards
  5 orcs
  2 kobolds
  A quokka skeleton (D:5)
  2 plants (Lair:6)
55 creatures vanquished.

Vanquished Creatures (others)
  A kobold (D:14)
  2 bushes (Lair:6)
  16 fungi
  18 plants (Lair:6)
  2 withered plants (D:15)
39 creatures vanquished.

Grand Total: 670 creatures vanquished

Notes
Turn   | Place    | Note
-------+----------+-------------------------------------------
     0 | D:1      | nikku the Demonspawn Berserker began the quest for the Orb.
     0 | D:1      | Reached XP level 1. HP: 18/18 MP: 1/1
   856 | D:2      | Gained mutation: You have large cloven feet. [demonic
                  | ancestry]
   856 | D:2      | Reached XP level 2. HP: 15/24 MP: 2/2
  1424 | D:2      | Gained mutation: You are surrounded by a mild repulsion
                  | field. (EV +2) [demonic ancestry]
  1424 | D:2      | Reached XP level 3. HP: 28/29 MP: 3/3
  1531 | D:2      | Reached ** piety under Trog
  2631 | D:3      | Noticed an ogre
  2642 | D:3      | Killed an ogre
  2642 | D:3      | Reached skill level 4 in Fighting
  2642 | D:3      | Reached XP level 4. HP: 38/38 MP: 4/4
  2642 | D:3      | Reached XP level 5. HP: 43/43 MP: 5/5
  3159 | D:3      | Noticed Terence
  3170 | D:3      | Killed Terence
  3396 | D:4      | Noticed a phantom
  3423 | D:4      | Killed a phantom
  3423 | D:4      | Gained mutation: You are surrounded by a moderate repulsion
                  | field. (EV +3) [demonic ancestry]
  3423 | D:4      | Reached XP level 6. HP: 43/50 MP: 6/6
  3477 | D:4      | Found Netoiwn's Antique Weapon Shoppe.
  3531 | D:4      | Reached skill level 5 in Fighting
  3771 | D:4      | Reached skill level 5 in Axes
  3795 | D:4      | Reached XP level 7. HP: 55/56 MP: 7/7
  3956 | D:4      | Noticed Edmund
  3966 | D:4      | Killed Edmund
  3966 | D:4      | Reached skill level 6 in Fighting
  4325 | D:4      | Found a runed translucent door.
  4326 | D:4      | Noticed Crazy Yiuf
  4333 | D:4      | Killed Crazy Yiuf
  4338 | D:4      | Got a fine mace
  4340 | D:4      | Got a dazzling mace
  4342 | D:4      | Got an ancient mace
  4919 | D:5      | Entered Level 5 of the Dungeon
  4975 | D:5      | Gained mutation: A weak demonic guardian rushes to your
                  | aid. [demonic ancestry]
  4975 | D:5      | Reached XP level 8. HP: 59/65 MP: 8/8
  5369 | D:5      | Reached skill level 7 in Fighting
  5740 | D:5      | Identified the cursed +3 mace "Kefetuu" {drain, rF++
                  | Stlth+} (You found it on level 4 of the Dungeon)
  5757 | D:5      | You fall into a shaft and drop 3 floors!
  5787 | D:6      | Found Yzaschur's General Store.
  5821 | D:5      | Identified the +11 mace "Widowermaker" {freeze, rPois
                  | Stlth+} (You found it on level 4 of the Dungeon)
  6592 | D:5      | Identified the +7 mace "Ciuzil" {antimagic, rC+} (You found
                  | it on level 4 of the Dungeon)
  6678 | D:6      | Reached skill level 8 in Fighting
  6678 | D:6      | Reached skill level 5 in Armour
  6783 | D:6      | Reached skill level 1 in Maces & Flails
  6897 | D:6      | Reached XP level 9. HP: 65/75 MP: 9/9
  7272 | D:7      | Found a bloodstained altar of Trog.
  7320 | D:7      | Reached skill level 9 in Fighting
  7659 | D:7      | Found a staircase to the Ecumenical Temple.
  7717 | D:7      | Reached *** piety under Trog
  7841 | D:7      | Reached skill level 10 in Fighting
  7988 | D:8      | Noticed Harold
  8002 | D:8      | Killed Harold
  8002 | D:8      | Reached XP level 10. HP: 86/86 MP: 10/10
  8046 | D:8      | Got a transparent ring mail
  8088 | D:8      | Found a staircase to the Lair.
  8661 | D:8      | Identified the +4 ring mail "Doerryw" {-Cast rPois rF+++
                  | rCorr} (You found it on level 8 of the Dungeon)
  8762 | D:9      | Noticed a two-headed ogre
  8769 | D:9      | Killed a two-headed ogre
  8866 | D:9      | Reached skill level 11 in Fighting
  9023 | D:9      | Reached skill level 5 in Maces & Flails
  9133 | D:9      | Noticed a white ugly thing
  9147 | D:9      | Killed a white ugly thing
  9613 | D:10     | Entered Level 10 of the Dungeon
  9621 | D:10     | Noticed a cyclops
  9626 | D:10     | Killed a cyclops
  9791 | D:10     | Gained mutation: You regenerate a little health from kills.
                  | [demonic ancestry]
  9791 | D:10     | Reached XP level 11. HP: 83/95 MP: 11/11
  9927 | D:10     | Reached **** piety under Trog
  9946 | D:10     | Found the +7 Singing Sword {vorpal, sonic wave}
 10063 | D:10     | Reached skill level 12 in Fighting
 10545 | D:10     | Noticed a wizard
 10552 | D:10     | Killed a wizard
 10554 | D:10     | Noticed a large abomination
 10555 | D:10     | Noticed a large abomination
 10713 | D:10     | Killed a large abomination
 10914 | D:10     | Killed a large abomination
 11169 | D:11     | Found a staircase to the Orcish Mines.
 11174 | D:11     | Noticed a red ugly thing
 11189 | D:11     | Killed a red ugly thing
 11189 | D:11     | Reached skill level 13 in Fighting
 11370 | D:11     | Noticed a lindwurm
 11381 | D:11     | Noticed a lindwurm
 11383 | D:11     | Noticed a lindwurm
 11386 | D:11     | Noticed a lindwurm
 11415 | D:11     | Killed a lindwurm
 11600 | D:11     | Found a glowing silver altar of Zin.
 11672 | D:11     | Noticed Josephine
 11683 | D:11     | Killed Josephine
 11686 | D:11     | Gained mutation: A demonic guardian rushes to your aid.
                  | [demonic ancestry]
 11686 | D:11     | Reached XP level 12. HP: 99/105 MP: 12/12
 12023 | D:12     | Noticed a four-headed hydra
 12030 | D:12     | Killed a four-headed hydra
 12113 | D:12     | Reached ***** piety under Trog
 12335 | D:12     | Found a white marble altar of Elyvilon.
 13181 | Lair:1   | Entered Level 1 of the Lair of Beasts
 13289 | Lair:1   | Reached skill level 14 in Fighting
 13742 | Lair:1   | You fall into a shaft and drop 1 floor!
 14259 | Lair:2   | Found a staircase to the Snake Pit.
 14382 | Lair:2   | Noticed an eight-headed hydra
 14387 | Lair:2   | Killed an eight-headed hydra
 14576 | Lair:2   | Found a sacrificial altar of Ru.
 14949 | Lair:2   | Reached skill level 10 in Armour
 15218 | Lair:3   | Received a gift from Trog
 15310 | Lair:3   | Noticed a seven-headed hydra
 15322 | Lair:3   | Killed a seven-headed hydra
 15322 | Lair:3   | Reached skill level 15 in Fighting
 15324 | Lair:3   | Reached XP level 13. HP: 94/115 MP: 13/13
 16219 | Lair:3   | Identified a scroll of acquirement
 16488 | Lair:4   | Noticed Snorg
 16498 | Lair:4   | Killed Snorg
 16638 | Lair:4   | Found a staircase to the Shoals.
 16753 | Lair:4   | Got a wavering lapis lazuli ring
 16754 | Lair:4   | Identified the ring "Utit" {rF+ rN+++ AC+4 Dex-4 Slay-5}
                  | (You found it on level 4 of the Lair of Beasts)
 17428 | Lair:5   | Found a staircase to the Slime Pits.
 18236 | Lair:6   | Entered Level 6 of the Lair of Beasts
 18459 | Lair:6   | Reached skill level 16 in Fighting
 18488 | Lair:6   | Reached skill level 5 in Dodging
 18504 | Lair:6   | Reached skill level 10 in Maces & Flails
 18587 | Lair:6   | Received a gift from Trog
 19350 | Lair:6   | Gained mutation: You have hoof-like feet. [demonic
                  | ancestry]
 19350 | Lair:6   | Reached XP level 14. HP: 92/126 MP: 14/14
 20022 | Lair:6   | Found a large runed translucent door.
 20022 | Lair:6   | Found a large runed translucent door.
 20028 | Lair:6   | Noticed grindst0ne's ghost (journeyman NaGl)
 20328 | Lair:6   | Killed grindst0ne's ghost
 20890 | D:13     | Reached skill level 17 in Fighting
 21128 | D:13     | Noticed Erolcha
 21134 | D:13     | Killed Erolcha
 21170 | D:13     | Found a gate to the Vaults.
 22268 | D:14     | Identified the ring of Ollynom {rElec rPois MP+9 Str-5
                  | Stlth+}
 22288 | D:14     | Identified the amulet "Mify" {Spirit *Corrode Dex+4}
 22291 | D:14     | Identified the cursed +3 broad axe of Conscience {holy,
                  | *Noise +Blink +Inv}
 22490 | D:14     | Found a runed translucent gate.
 22490 | D:14     | Found a runed translucent gate.
 22490 | D:14     | Found a runed translucent gate.
 22490 | D:14     | Noticed p0werm0de's ghost (journeyman DDFi)
 22774 | D:15     | Entered Level 15 of the Dungeon
 22906 | D:15     | Gained mutation: You are surrounded by a strong repulsion
                  | field. (EV +4, RMsl) [demonic ancestry]
 22906 | D:15     | Reached XP level 15. HP: 136/136 MP: 15/15
 22924 | D:15     | Reached skill level 18 in Fighting
 23099 | D:15     | Found a staircase to the Depths.
 23287 | D:15     | Slain by a two-headed ogre

Illustrated notes

Levels and vault maps discovered:
D:1:      lemuel_arrival_room, layout_basic, serial_bayou_lagoon_a,
          minmay_unequal
D:2:      layout_loops_cross, first_ration
D:3:      layout_basic, kennysheep_generic_room_5, uniq_terence
D:4:      layout_layer_cave, serial_shops, shop, uniq_crazy_yiuf_cottage,
          uniq_edmund
D:5:      minmay_bubble_buster, layout_loops_corners
D:6:      layout_cave_pools, nicolae_overflow_hidden_temple, serial_shops, shop,
          nrook_mini_vaults
D:7:      layout_basic, bloody_trog, minmay_temple_entry_statues_pillars,
          serial_bayou_pond_d, grunt_livestock
D:8:      layout_basic, lair_entry_dummy, uniq_harold
D:9:      layout_basic, kennysheep_generic_room_3
D:10:     old_forge, layout_loops_cross, laboratory
D:11:     layout_loops_cross, erik_orc_4, basic_altar, minmay_misc_feat_roman,
          minmay_lindwurm_lava, uniq_josephine
D:12:     layout_basic, elyvilon_altar_4
D:13:     layout_basic, david_vaults_5, uniq_erolcha
D:14:     minmay_the_grid_triangle_9x9_recursive_2
          [minmay_the_grid_triangle_9x9_prize_schism,
          minmay_the_grid_triangle_9x9_cache,
          minmay_the_grid_triangle_9x9_skeleton,
          minmay_the_grid_triangle_9x9_zippers_horizontal], layout_rooms,
          gammafunk_ghost_necromancy, minivault_14,
          minmay_misc_feat_more_columns, minivault_23, eino_jars
D:15:     gammafunk_depths_entry_grave, layout_small_grid,
          portal_ice_cave_demonic_guard, serial_shops, shop,
          nicolae_qazlal_style_of_elements
Lair:1:   layout_hall_layers
Lair:2:   layout_gridlike, dummy_snake_entry, lemuel_centaur_altar
Lair:3:   dpeg_oklob_gauntlet, layout_cave_shapes, minmay_lair_oklob_bushes,
          serial_bayou_shore_a, grunt_megastairs_2, infiniplex_staircase_pool_2
Lair:4:   layout_regular_city, elwin_shoals_entry_rocks, uniq_snorg
Lair:5:   layout_regular_city, minmay_slime_entry_pillars
Lair:6:   grunt_lair_end_beastmaster, layout_regular_city,
          ebering_ghost_disaster_area, dpeg_oklob_1, wad_woods_river_01

Skill      XL: |  1  2  3  4  5  6  7  8  9 10 11 12 13 14 15 |
---------------+----------------------------------------------+-----
Axes           | 3 4 5 6 |  6.8
Armour         | 2 3 4 5 6 7 9 10 | 10.0
Fighting       | 4 5 6 8 10 11 13 15 16 17 18 | 18.1
Maces & Flails | 1 4 5 7 8 10 11 | 11.5
Dodging        | 2 5 7 8 |  8.1

Action                   |  1- 3 |  4- 6 |  7- 9 | 10-12 | 13-15 || total
-------------------------+-------+-------+-------+-------+-------++-------
Melee: Hand axe          |   117 |    83 |   106 |       |       ||   306
       Kick              |    15 |    24 |    85 |   108 |       ||   232
       Battleaxe         |       |       |    31 |       |       ||    31
       Mace              |       |       |   107 |   665 |   901 ||  1673
Throw: Dart              |     6 |    17 |    30 |    78 |   150 ||   281
Invok: Trog's Hand       |     1 |     1 |     9 |    21 |    22 ||    54
       Berserk           |       |     1 |     3 |     8 |    10 ||    22
Evoke: Wand              |       |       |       |    14 |       ||    14
       Tin of tremorston |       |       |       |       |     1 ||     1
  Use: Scroll            |     5 |     3 |    12 |     7 |    12 ||    39
       Potion            |       |       |       |     3 |     2 ||     5
 Stab: Distracted        |       |       |     2 |     3 |     4 ||     9
       Sleeping          |       |       |       |     4 |     1 ||     5
  Eat: Chunk             |     4 |     7 |    14 |    27 |    41 ||    93
       Ration            |       |       |     1 |     5 |     1 ||     7
Armor: Ring mail         |    44 |    17 |       |   212 |   333 ||   606
       Scale mail        |       |    10 |    33 |       |       ||    43
       Fire dragon scale |       |       |    62 |    12 |       ||    74
Dodge: Dodged            |    80 |    42 |   210 |   670 |   705 ||  1707
       Repelled          |       |       |       |       |     3 ||     3
Block: Other             |       |       |       |    98 |    70 ||   168
       Reflection        |       |       |       |     9 |       ||     9
